 Dungeon Crawl Stone Soup version 0.19.5 (webtiles) character file.

1496 DwarfAlpaca the Gusty (level 8, -1/47 (48) HPs)
             Began as a Tengu Air Elementalist on May 20, 2017.
             Succumbed to a killer bee's poison
             ... on level 7 of the Dungeon.
             The game lasted 00:45:38 (8049 turns).

DwarfAlpaca the Gusty (Tengu Air Elementalist)      Turns: 8049, Time: 00:45:38

HP:   -1/47 (48)    AC:  3    Str:  8    XL:     8   Next: 81%
MP:   10/14         EV: 16    Int: 21    God:
Gold: 276           SH:  0    Dex: 16    Spells: 5 memorised, 5 levels left

rFire  + . .     SeeInvis +     x - staff of wizardry
rCold  . . .     Gourm    .     a - +1 robe
rNeg   . . .     Faith    .     (no shield)
rPois  +         Spirit   .     (helmet restricted)
rElec  +         Reflect  .     (no cloak)
rCorr  +         Harm     .     (no gloves)
MR     .....                    (boots unavailable)
Stlth  +.........               (no amulet)
                                o - ring of loudness (curse)
                                y - ring "Naxzuvod" {+Fly rC- Int+4 SInv}

@: lethally poisoned (-1 -> -18), resistant, repel missiles
A: beak, talons 3, low mp 1, wild magic 1, MP-powered wands, able to fly 1
a: Fly, Evoke Flight


You were on level 7 of the Dungeon.
You were near starving.

You visited 1 branch of the dungeon, and saw 7 of its levels.

You collected 276 gold pieces.

Inventory:

Hand Weapons
 d - a +1 whip
Missiles
 i - a throwing net (quivered)
Armour
 a - a +1 robe (worn)
Magical Staves
 x - an uncursed staff of wizardry (weapon)
Jewellery
 o - a cursed ring of loudness (right hand)
 y - the ring "Naxzuvod" (left hand) {+Fly rC- Int+4 SInv}
   (You found it on level 5 of the Dungeon)

   [ring of flight]

   It affects your intelligence (+4).
   It makes you vulnerable to cold.
   It lets you see invisible.
   It lets you fly.
 C - an uncursed ring of see invisible
Wands
 u - a wand of slowing (13/48)
 w - a wand of teleportation (9/9)
Scrolls
 f - a scroll of fear
 k - a scroll of immolation
 m - 3 scrolls of enchant armour
 q - 5 scrolls of identify
 D - a scroll of magic mapping {unknown}
Potions
 e - a potion of resistance
 j - 2 potions of lignification {unknown}
 l - a potion of agility {unknown}
 n - a potion of brilliance {unknown}
 p - 2 potions of cancellation {unknown}
 r - a potion of berserk rage {unknown}
 s - 2 potions of mutation
 t - a potion of flight
 z - 2 potions of invisibility {unknown}
 A - a potion of might {unknown}
 B - a potion of degeneration {unknown}
Books
 b - a book of Air

   Spells                             Type                      Level
   a - Shock                          Conjuration/Air              1
   b - Swiftness                      Charms/Air                   2
   c - Repel Missiles                 Charms/Air                   2
   d - Static Discharge               Conjuration/Air              3
   e - Lightning Bolt                 Conjuration/Air              5
Comestibles
 c - 6 bread rations
 g - 2 beef jerkies
 h - a slice of pizza
 v - 2 meat rations
 E - a royal jelly


   Skills:
 + Level 4.6 Fighting
 + Level 5.6 Dodging
 - Level 2.0 Stealth
 + Level 4.5 Spellcasting
 + Level 6.3 Conjurations
 + Level 7.3 Air Magic


You had 5 spell levels left.
You knew the following spells:

 Your Spells              Type           Power        Failure   Level  Hunger
a - Shock                 Conj/Air       ####         1%          1    None
b - Repel Missiles        Chrm/Air       ####..       3%          2    #......
c - Swiftness             Chrm/Air       ####....     3%          2    #......
d - Static Discharge      Conj/Air       #####...     1%          3    ##.....
e - Dazzling Spray        Conj/Hex       ###...       7%          3    ##.....


Dungeon Overview and Level Annotations

Branches:
Dungeon (7/15)
 Temple: D:4-7

Altars:
Gozag
Hepliaklqana
Nemelex Xobeh
Trog
Yredelemnul

Annotations:
D:6 Nr616's ghost, novice SpEn


Innate Abilities, Weirdness & Mutations

You have a beak for a mouth.
You have claws for feet.
You can fly.
Your magical capacity is low. (-10% MP)
Your spells are a little harder to cast, but a little more powerful.
You expend magic power (3 MP) to strengthen your wands.


Message History

You feel sick. The killer bee stings you.
* * * LOW HITPOINT WARNING * * *
The killer bee stings you.
* * * LOW HITPOINT WARNING * * *
Casting: Shock
Confirm with . or Enter, or press ? or * to list all spells.
Aiming: Shock
Press: ? - help, Shift-Dir - straight line, f - killer bee
Aim: a killer bee (severely wounded)
Okay, then.
It was a potion of mutation.
You feel extremely strange.
You feel less in control of your magic.
You feel less energetic.
You feel your magical essence link to your wands.
The killer bee stings you.
* * * LOW HITPOINT WARNING * * *
You are more poisoned.
The killer bee poisons you! The killer bee closely misses you.
It was a potion of resistance.
You feel protected.
You die...

#.###..#####
#########.#####
...........# #..#
#......###.# ##.#
...#.### #.# .#
#..#.##
#.########## .#
#.....#
#...)......# ..
#.....#
##########.# .#
#.#...#
#......>##.#
#.##.##
#.#####@##.# #
#.# #.# #y##.#
#.# #.# #y##<#
#.# #.#
#.##.####.#
####.# #.#
#.†..†...!.
.....#
#.########y####.#
.###.#
#............ .
#.#
#..####.#.####
.###.#####..# .


You could see 2 killer bees.

Vanquished Creatures
  A necrophage (D:5)
  2 ogres
  A phantom (D:6)
  3 bullfrogs
  3 scorpions
  4 killer bees (D:7)
  A howler monkey (D:7)
  A hound (D:4)
  An orc priest (D:5)
  6 orc wizards
  3 worker ants
  4 hound skeletons
  A worker ant zombie (D:5)
  A howler monkey zombie (D:6)
  7 adders
  3 gnolls (D:5)
  A shadow imp (D:7)
  2 oozes
  An adder skeleton (D:5)
  2 worms (D:4)
  A dart slug (D:2)
  5 leopard geckos
  7 orcs
  2 ball pythons (D:3)
  14 bats
  5 giant cockroaches
  8 goblins
  4 hobgoblins
  8 jackals
  14 kobolds
  2 quokkas
  A ball python skeleton (D:4)
  8 frilled lizards
  A quokka skeleton (D:5)
  15 rats
143 creatures vanquished.

Notes
Turn   | Place    | Note
-------+----------+-------------------------------------------
     0 | D:1      | DwarfAlpaca the Tengu Air Elementalist began the quest for the Orb.
     0 | D:1      | Reached XP level 1. HP: 10/10 MP: 4/4
   184 | D:1      | Reached XP level 2. HP: 8/15 MP: 0/6
   717 | D:1      | Reached XP level 3. HP: 12/19 MP: 5/7
   824 | D:1      | Learned a level 2 spell: Repel Missiles
   831 | D:1      | Learned a level 2 spell: Swiftness
  1558 | D:2      | Reached skill level 1 in Fighting
  1640 | D:2      | Reached XP level 4. HP: 25/25 MP: 8/8
  3535 | D:4      | Found a sparkling altar of Nemelex Xobeh.
  3535 | D:4      | Found a basalt altar of Yredelemnul.
  3553 | D:4      | Gained mutation: You can fly. [Tengu growth]
  3553 | D:4      | Reached XP level 5. HP: 29/29 MP: 6/9
  3948 | D:4      | Found a hazy altar of Hepliaklqana.
  3951 | D:4      | Found an opulent altar of Gozag.
  4290 | D:4      | Reached skill level 5 in Air Magic
  4290 | D:4      | Reached XP level 6. HP: 35/35 MP: 6/11
  4329 | D:4      | Learned a level 3 spell: Static Discharge
  5233 | D:5      | Entered Level 5 of the Dungeon
  5419 | D:5      | Found a bloodstained altar of Trog.
  5463 | D:4      | Reached XP level 7. HP: 40/40 MP: 6/13
  6230 | D:5      | Got a vibrating bone ring
  6235 | D:5      | Identified the ring "Naxzuvod" {+Fly rC- Int+4 SInv} (You found it on level 5 of the Dungeon)
  6356 | D:5      | Reached skill level 5 in Conjurations
  6356 | D:5      | Reached skill level 6 in Air Magic
  6593 | D:5      | You fall through a shaft for 2 floors!
  6604 | D:7      | Learned a level 3 spell: Dazzling Spray
  6633 | D:7      | Reached skill level 5 in Dodging
  6633 | D:7      | Reached XP level 8. HP: 26/46 MP: 5/15
  7361 | D:6      | Reached skill level 7 in Air Magic
  7772 | D:6      | Noticed Nr616's ghost (novice SpEn)
  8048 | D:7      | Gained mutation: Your spells are a little harder to cast, but a little more powerful. [potion of mutation]
  8048 | D:7      | Gained mutation: Your magical capacity is low. (-10% MP) [potion of mutation]
  8048 | D:7      | Gained mutation: You expend magic power (3 MP) to strengthen your wands. [potion of mutation]
  8048 | D:7      | HP: 1/47 [killer bee (5)]
  8049 | D:7      | Succumbed to a killer bee's poison

Skill      XL: |  1  2  3  4  5  6  7  8 |
---------------+-------------------------+-----
Conjurations   | 2 3 4 5 6 |  6.3
Dodging        | 3 4 5 |  5.6
Fighting       | 1 2 3 4 |  4.6
Air Magic      | 5 6 7 |  7.3
Spellcasting   | 3 4 |  4.5
Stealth        | |  2.0

Action                   |  1- 3 |  4- 6 |  7- 9 || total
-------------------------+-------+-------+-------++-------
Melee: Unarmed           |    19 |       |       ||    19
       Kick              |    17 |    29 |     4 ||    50
       Peck              |    13 |    24 |     3 ||    40
       Whip              |    91 |    29 |       ||   120
       Staff             |       |    98 |    21 ||   119
 Cast: Shock             |    17 |    87 |    95 ||   199
       Repel Missiles    |     1 |     1 |       ||     2
       Static Discharge  |       |       |     5 ||     5
       Swiftness         |       |       |     1 ||     1
 Abil: Fly               |       |     3 |     2 ||     5
  Use: Scroll            |       |     4 |     7 ||    11
       Potion            |       |       |     3 ||     3
 Stab: Sleeping          |     2 |     5 |       ||     7
  Eat: Chunk             |     3 |    11 |     7 ||    21
       Beef jerky        |       |     1 |       ||     1
Armor: Robe              |    27 |    25 |     8 ||    60
Dodge: Dodged            |    81 |   113 |    61 ||   255
       Deflected         |       |     8 |     1 ||     9
